 Dungeon Crawl Stone Soup version 0.19-a0-1193-g2641e52 (webtiles) character file.

9747 inmateoo the Carver (level 11, -2/60 HPs)
             Began as a Vine Stalker Berserker on Aug 20, 2016.
             Was a High Priest of Trog.
             Slain by a cyan ugly thing (12 damage)
             ... on level 10 of the Dungeon.
             The game lasted 00:14:57 (7917 turns).

inmateoo the Carver (Vine Stalker Berserker)        Turns: 7917, Time: 00:14:58

Health: -2/60      AC:  9    Str: 22    XL:     11   Next: 51%
Magic:  0/12       EV: 15    Int:  7    God:    Trog [*****.]
Gold:   578        SH:  0    Dex: 15    Spells: 0 memorised, 10 levels left

rFire  . . .     SeeInvis .     J - +2 falchion (freeze) (curse)
rCold  + + .     Gourm    .     t - +0 ring mail
rNeg   + + .     Faith    .     (no shield)
rPois  .         Spirit   +     (helmet restricted)
rElec  .         Dismiss  .     y - +0 cloak
rCorr  +         Reflect  .     w - +1 pair of gloves
MR     +++..     Harm     .     A - +0 pair of boots
Stlth  +......... Clarity  +    (no amulet)
                                B - ring of Sefit {rC++ rN++ Str+4}
                                C - ring of resist corrosion

@: no status effects
A: fangs 3, horns 1, clarity, clumsy 1, magic resistance 2, sense surroundings
1, regeneration 2, weak 1, magic shield, antimagic bite, no device heal 3, rot
immunity
a: Berserk, Trog's Hand, Brothers in Arms, Burn Spellbooks, Renounce Religion


You were on level 10 of the Dungeon.
You worshipped Trog.
Trog was extremely pleased with you.
You were not hungry.

You visited 1 branch of the dungeon, and saw 11 of its levels.

You collected 578 gold pieces.

Inventory:

Hand Weapons
 u - a +0 dagger of venom
 H - a +0 vampiric scimitar
 J - a cursed +2 falchion of freezing (weapon)
Missiles
 q - 6 steel javelins (quivered)
 E - 3 poisoned javelins
Armour
 t - a +0 ring mail (worn)
 w - a +1 pair of gloves (worn)
 y - a +0 cloak (worn)
 A - a +0 pair of boots (worn)
Jewellery
 B - the ring of Sefit (right hand) {rC++ rN++ Str+4}
   (You found it on level 6 of the Dungeon)

   [ring of strength]

   It affects your strength (+4).
   It greatly protects you from cold.
   It greatly protects you from negative energy.
 C - a ring of resist corrosion (left hand)
Wands
 d - a wand of confusion (29/48)
 l - a wand of flame (19/48)
 F - a wand of lightning (12/15)
 L - a wand of iceblast (4/15)
 N - a wand of confusion (25/48)
Scrolls
 b - a scroll of enchant weapon
 f - a scroll of remove curse
 m - a scroll of fog
 r - a scroll of teleportation
 K - a scroll of enchant armour
 O - a scroll of torment {unknown}
Potions
 e - 2 potions of cure mutation
 g - a potion of beneficial mutation {unknown}
 h - a potion of flight {unknown}
 i - a potion of curing
 j - 3 potions of brilliance
 n - a potion of mutation {unknown}
 o - a potion of magic {unknown}
 p - 3 potions of berserk rage
 v - a potion of cancellation
 x - 4 potions of ambrosia
 D - 2 potions of might
 I - a potion of resistance {unknown}
Books
 a - a Fen Folio

   Spells                             Type                      Level
   a - Corpse Rot                     Necromancy                   2
   b - Stone Arrow                    Conjuration/Earth            3
   c - Leda's Liquefaction            Hexes/Earth                  4
   d - Summon Forest                  Summoning/Translocation      5
   e - Hydra Form                     Transmutation                6
   f - Summon Hydra                   Summoning                    7
   Trog disapproves of the use of such an item.
 M - a book of the Earth

   Spells                             Type                      Level
   a - Leda's Liquefaction            Hexes/Earth                  4
   b - Bolt of Magma                  Conjuration/Fire/Earth       5
   c - Statue Form                    Transmutation/Earth          6
   d - Iron Shot                      Conjuration/Earth            6
   e - Shatter                        Earth                        9
   Trog disapproves of the use of such an item.
 Q - a book of the Earth

   Spells                             Type                      Level
   a - Leda's Liquefaction            Hexes/Earth                  4
   b - Bolt of Magma                  Conjuration/Fire/Earth       5
   c - Statue Form                    Transmutation/Earth          6
   d - Iron Shot                      Conjuration/Earth            6
   e - Shatter                        Earth                        9
   Trog disapproves of the use of such an item.
Comestibles
 c - 9 bread rations
 k - 9 meat rations
 s - 3 slices of pizza
 z - a fruit
 G - 2 beef jerkies


   Skills:
 + Level 8.4 Fighting
 * Level 11.6 Long Blades
 + Level 1.9 Throwing
 + Level 2.8 Armour
 + Level 7.3 Dodging


You had 10 spell levels left.
You didn't know any spells.

Dungeon Overview and Level Annotations

Branches:
Dungeon (11/15)            Temple (0/1) D:6            Lair (0/6) D:8
    Orc: D:9-12

Altars:
Cheibriados
Dithmenos
Makhleb
Qazlal
Ru
Xom
Yredelemnul

Shops:
D:11 *


Innate Abilities, Weirdness & Mutations

You have razor-sharp teeth.
You heal very quickly.
When hurt, damage is shared between your health and your magic reserves.
Your bite disrupts and absorbs the magic of your enemies.
Potions and wands cannot restore your health.
You are immune to rotting.
You have a pair of small horns on your head.
You possess an exceptional clarity of mind.
You are clumsy. (Dex -2)
You are highly resistant to hostile enchantments. (MR++)
You passively map a small area around you.
You are weak. (Str -2)


Message History

You hit the cyan ugly thing. You freeze the cyan ugly thing.
Your headbutt misses the cyan ugly thing.
You bite the cyan ugly thing! You drain its power.
You feel invigorated.
The cyan ugly thing is moderately wounded.
The cyan ugly thing trunk-slaps you. The cyan ugly thing shocks you!
The crimson imp shouts, "Disclaim thyself, thou clouted dizzy-eyed blabberskite!"
There is a stone staircase leading up here.
The cyan ugly thing trunk-slaps you! The cyan ugly thing shocks you!
* * * LOW HITPOINT WARNING * * *
You climb upwards.
A hound comes into view.
There is a stone staircase leading down here.
Unknown command.
Unknown command.
Unknown command.
The hound barks!
The hound bites you but does no damage. The cyan ugly thing trunk-slaps you.
* * * LOW HITPOINT WARNING * * *
The cyan ugly thing shocks you!
You die...

.# #.###.###.....##.......# .#
######....†.##.....#######.###
.#
#.....(............#######....
.#
#........)....#'####..........
##
#..)..........#.######.######.
.# #######'##...##........#
####. ## #......##..#######
#.#.. .# #......h#..#### #.#..
.# ##.####@#.....######.#.. .#
#.# #.u.###...#....#.. .# #.#
##..###...#.##.#.. .# #.#
#.>.....##.##)#.. .# #.#
######.....##.##. .# #.#
#.######.##. .# #.#
#.##.....##. ### #.#
#.###.#####. .§# #.# #.#
#.######


You could see a cyan ugly thing and a hound.

Vanquished Creatures
  Urug (D:10)
  2 hill giants
  The ghost of crawlian the Arsonist, a novice DEFE of Vehumet (D:8)
  2 trolls
  Prince Ribbit (D:8)
  Grinder (D:5)
  2 blink frogs (D:8)
  A spriggan (D:7)
  A wyvern (D:9)
  A wraith (D:10)
  A hungry ghost (D:8)
  2 hippogriffs (D:9)
  A soldier ant (D:10)
  Duvessa (D:6)
  2 orc warriors (D:9)
  A wasp (D:10)
  4 sky beasts
  3 phantoms
  3 ice beasts
  2 black bears (D:8)
  6 ogres
  A necrophage (D:8)
  5 centaurs
  A big kobold (D:9)
  7 giant frogs
  A wyvern zombie (D:5)
  Dowan (D:6)
  6 scorpions
  10 killer bees (D:9)
  10 wights
  5 howler monkeys
  2 crimson imps
  3 giant frog zombies
  A quasit (D:6)
  2 hounds
  A jelly (D:6)
  2 centaur skeletons
  2 orc priests
  An iguana (D:8)
  7 orc wizards
  7 worker ants
  A hound zombie (D:9)
  A hound skeleton (D:9)
  10 adders
  5 gnolls
  5 shadow imps
  2 oozes
  2 adder skeletons
  3 worms
  4 giant geckos
  45 orcs
  3 ball pythons
  A giant cockroach (D:1)
  5 goblins
  7 hobgoblins
  4 jackals
  3 quokkas
  A ball python zombie (D:6)
  5 bats
  A giant gecko zombie (D:5)
  6 giant newts
  2 gnoll zombies (D:5)
  9 kobolds
  A quokka skeleton (D:6)
  11 rats
251 creatures vanquished.

Vanquished Creatures (collateral kills)
  A wyvern (D:10)
1 creature vanquished.

Vanquished Creatures (others)
  An orc warrior (D:8)
1 creature vanquished.

Grand Total: 253 creatures vanquished

Notes
Turn   | Place    | Note
-------+----------+-------------------------------------------
     0 | D:1      | inmateoo the Vine Stalker Berserker began the quest for the Orb.
     0 | D:1      | Reached XP level 1. HP: 11/11 MP: 2/2
   147 | D:1      | Reached XP level 2. HP: 16/16 MP: 3/3
   198 | D:1      | Found a shimmering altar of Xom.
   242 | D:1      | Reached skill level 3 in Long Blades
   533 | D:2      | Found a shadowy altar of Dithmenos.
   551 | D:2      | Reached XP level 3. HP: 19/19 MP: 4/4
  1108 | D:2      | Found a burning altar of Makhleb.
  1122 | D:2      | Found a snail-covered altar of Cheibriados.
  1216 | D:2      | Found a sacrificial altar of Ru.
  1294 | D:2      | Reached XP level 4. HP: 21/24 MP: 5/5
  1505 | D:3      | Reached ** piety under Trog
  1972 | D:4      | Reached XP level 5. HP: 14/28 MP: 2/6
  2100 | D:4      | Noticed a phantom
  2110 | D:4      | Reached skill level 4 in Long Blades
  2163 | D:5      | Entered Level 5 of the Dungeon
  2216 | D:4      | Killed a phantom
  2216 | D:4      | Gained mutation: You heal very quickly. [Vine Stalker growth]
  2216 | D:4      | Reached XP level 6. HP: 6/33 MP: 3/7
  2392 | D:3      | Reached skill level 5 in Long Blades
  2470 | D:3      | Noticed a phantom
  2496 | D:3      | Killed a phantom
  2496 | D:3      | Reached *** piety under Trog
  2496 | D:3      | Reached XP level 7. HP: 25/37 MP: 8/8
  2877 | D:5      | Found a sacrificial altar of Ru.
  3166 | D:5      | Reached skill level 6 in Long Blades
  3193 | D:5      | Gained mutation: You have razor-sharp teeth. [Vine Stalker growth]
  3193 | D:5      | Reached XP level 8. HP: 25/42 MP: 9/9
  3299 | D:5      | Found a basalt altar of Yredelemnul.
  3510 | D:5      | Reached skill level 5 in Fighting
  3543 | D:5      | Noticed Grinder
  3544 | D:5      | Paralysed by Grinder for 6 turns
  3553 | D:5      | Killed Grinder
  3553 | D:5      | Reached skill level 7 in Long Blades
  3814 | D:5      | Gained mutation: You are weak. (Str -2) [mutagenic meat]
  3817 | D:5      | Gained mutation: You are agile. (Dex +2) [mutagenic meat]
  3820 | D:5      | Gained mutation: You are partially covered in yellow scales. (AC +2) [mutagenic meat]
  3826 | D:5      | Gained mutation: You are resistant to hostile enchantments. (MR+) [mutagenic meat]
  3829 | D:5      | Lost mutation: You are partially covered in yellow scales. (AC +2) [mutagenic meat]
  4227 | D:6      | Found a staircase to the Ecumenical Temple.
  4337 | D:6      | Noticed Duvessa
  4337 | D:6      | Noticed Dowan
  4355 | D:6      | Killed Duvessa
  4355 | D:6      | Reached XP level 9. HP: 37/48 MP: 8/10
  4360 | D:6      | Killed Dowan
  4434 | D:6      | Reached skill level 5 in Dodging
  4458 | D:6      | Got a smoking tin ring
  4472 | D:6      | Identified the ring of Sefit {rC++ rN++ Str+4} (You found it on level 6 of the Dungeon)
  4509 | D:6      | Reached **** piety under Trog
  4580 | D:6      | Reached skill level 8 in Long Blades
  5026 | D:7      | Reached skill level 9 in Long Blades
  5217 | D:8      | Noticed Prince Ribbit
  5227 | D:8      | Killed Prince Ribbit
  5269 | D:8      | Reached XP level 10. HP: 42/53 MP: 11/11
  5456 | D:8      | Lost mutation: You are agile. (Dex +2) [mutagenic meat]
  5459 | D:8      | Gained mutation: You possess an exceptional clarity of mind. [mutagenic meat]
  5462 | D:8      | Gained mutation: You are highly resistant to hostile enchantments. (MR++) [mutagenic meat]
  5465 | D:8      | Gained mutation: You have a pair of small horns on your head. [mutagenic meat]
  5468 | D:8      | Gained mutation: You are clumsy. (Dex -2) [mutagenic meat]
  5630 | D:8      | Found a staircase to the Lair.
  5645 | D:8      | Reached skill level 10 in Long Blades
  5705 | D:8      | Reached ***** piety under Trog
  5804 | D:8      | Noticed crawlian's ghost (novice DEFE)
  5821 | D:8      | Killed crawlian's ghost
  6777 | D:9      | Found a sacrificial altar of Ru.
  6819 | D:9      | Noticed a hill giant
  6831 | D:9      | Received a gift from Trog
  6835 | D:9      | Killed a hill giant
  6835 | D:9      | Reached skill level 11 in Long Blades
  6835 | D:9      | Reached XP level 11. HP: 29/60 MP: 8/12
  6997 | D:10     | Entered Level 10 of the Dungeon
  6997 | D:10     | Noticed Urug
  7269 | D:10     | Reached skill level 1 in Throwing
  7362 | D:10     | Gained mutation: You passively map a small area around you. [mutagenic meat]
  7405 | D:10     | Found a stormy altar of Qazlal.
  7466 | D:10     | Noticed a hill giant
  7474 | D:10     | Killed a hill giant
  7718 | D:10     | Killed Urug
  7892 | D:11     | Found Gjin's Goods Gallery.
  7899 | D:11     | Noticed a cyan ugly thing
  7904 | D:11     | Noticed a white ugly thing
  7917 | D:10     | Slain by a cyan ugly thing

Vault maps used:
D:1:      lightli_arrival_chessboard, hangedman_decor_clover_reticule,
          minmay_misc_feat_rugged, xom_teletrap_fun
D:2:      nicolae_overflow_quartered_altars
D:4:      grunt_decor_one_mirror
D:5:      lemuel_zombie_altar_yredelemnul, first_bread, basic_altar,
          uniq_grinder
D:6:      uniq_duvessa
D:7:      the_bakery
D:8:      dpeg_lair_monsters, uniq_prince_ribbit1
D:9:      small_chamber_with_monster, nicolae_ru_the_path_less_chosen
D:10:     grunt_qazlal_clouds, uniq_urug
D:11:     nicolae_alphabet_shops, nrook_mini_backslash, uniq_maurice, uniq_erica

Skill      XL: |  1  2  3  4  5  6  7  8  9 10 11 |
---------------+----------------------------------+-----
Long Blades    | 3 4 5 6 7 9 11 | 11.6
Fighting       | 3 4 5 6 8 |  8.4
Armour         | 2 |  2.8
Dodging        | 2 3 4 5 7 |  7.3
Throwing       | 1 |  1.9

Action                   |  1- 3 |  4- 6 |  7- 9 | 10-12 || total
-------------------------+-------+-------+-------+-------++-------
Melee: Falchion          |    87 |   249 |   403 |   323 ||  1062
       Bite              |    25 |    72 |   167 |   114 ||   378
       Headbutt          |       |       |       |    82 ||    82
Throw: Javelin           |       |       |       |     3 ||     3
Invok: Trog's Hand       |       |       |     1 |     2 ||     3
       Berserk           |       |       |     1 |     1 ||     2
       Brothers in Arms  |       |       |       |     2 ||     2
       Burn Spellbooks   |       |       |       |     1 ||     1
Evoke: Wand              |       |       |       |     1 ||     1
  Use: Potion            |     1 |       |     1 |       ||     2
       Scroll            |       |       |    18 |     3 ||    21
  Eat: Chunk             |       |     6 |    17 |    18 ||    41
       Royal jelly       |       |       |       |     1 ||     1
       Pizza             |       |       |       |     1 ||     1
Armor: Animal skin       |     5 |       |       |       ||     5
       Ring mail         |       |    35 |    69 |    56 ||   160
Dodge: Dodged            |    33 |    94 |   173 |   159 ||   459
